 Dungeon Crawl Stone Soup version 0.32-a0-128-g77eb882913 (webtiles) character file.

Game seed: 247342776675040745

10294 Khashishi the Covert (level 11, -40/60 HPs)
             Began as a Vine Stalker Brigand on Feb 8, 2024.
             Was a Believer of Uskayaw.
             Killed from afar by Jorgrun (58 damage)
             ... with an iron shot
             ... on level 1 of the Orcish Mines.
             The game lasted 01:07:02 (7023 turns).

Khashishi the Covert (Vine Stalker Brigand)         Turns: 7023, Time: 01:07:02

Health: -40/60     AC: 13    Str: 14    XL:     11   Next: 59%
Magic:  0/17       EV: 16    Int: 17    God:    Uskayaw [**....]
Gold:   656        SH:  0    Dex: 22    Spells: 10/12 levels left

rFire   + . .        b - +4 great sword (freeze)
rCold   + + +        (shield currently unavailable)
rNeg    . . .        y - +4 skin of Zhor {*Englaciate rC+++ SInv}
rPois   .            v - +1 hat
rElec   .            J - +2 cloak {Will+}
rCorr   .            E - +1 pair of gloves
SInv    +            N - +0 pair of boots
Will    ++...        u - amulet of the acrobat
Stlth   +++++        G - +6 ring of intelligence
HPRegen 1.10/turn    K - ring "Qitixzant" {Fly rF+ Dex+2}
MPRegen 0.15/turn

%: acrobat, guardian spirit
@: flying
A: fangs 3, regeneration 1, magic shield, antimagic bite, no potion heal 2
a: Renounce Religion, Stomp, Line Pass


You were on level 1 of the Orcish Mines.
You worshipped Uskayaw.
Uskayaw was noncommittal.
You visited 3 branches of the dungeon, and saw 12 of its levels.

You collected 899 gold pieces.
You spent 243 gold pieces at shops.

Inventory:

Hand Weapons
 a - a +2 dagger of venom
 b - a +4 great sword of freezing (weapon)
 B - a +0 rapier
 L - a +4 falchion
Missiles
 d - 28 poisoned darts
 H - 2 datura-tipped darts
Armour
 v - a +1 hat (worn)
 y - the +4 skin of Zhor (worn) {*Englaciate rC+++ SInv}
   (You found it on level 7 of the Dungeon)

   *Englaciate: It radiates cold, occasionally slowing all nearby creatures who
   are not resistant to cold.
   rC+++:     It renders you almost immune to cold.
   SInv:      It lets you see invisible.
 E - a +1 pair of gloves (worn)
 J - a +2 cloak of willpower (worn)
 N - a +0 pair of boots (worn)
Magical Staves
 O - the staff "Iluami" {rElec rPois rC- SInv Stlth+ Alchemy}
   (You found it on level 8 of the Dungeon)

   [staff of alchemy]

   Base accuracy: +5 Base damage: 5 Base attack delay: 1.2 This weapon's minimum
   attack delay (0.6) is reached at skill level 12.
   rC-:       It makes you vulnerable to cold.
   rElec:     It insulates you from electricity.
   rPois:     It protects you from poison SInv: It lets you see invisible.
   Stlth+:    It makes you more stealthy.
   Alchemy:   It increases the power of your Alchemy spells.
   It falls into the 'Staves' category.
   It is a one-handed weapon.
Jewellery
 u - an amulet of the acrobat (around neck)
 G - a +6 ring of intelligence (left hand)
 K - the ring "Qitixzant" (right hand) {Fly rF+ Dex+2}
   (You took it off a gnoll on level 7 of the Dungeon)

   [ring of flight]

   Dex+2:     It affects your dexterity (+2).
   rF+:       It protects you from fire.
   Fly:       It grants you flight.
Wands
 e - a wand of paralysis (16)
 l - a wand of mindburst (6)
 s - a wand of acid (8)
 I - a wand of flame (31)
 P - a wand of roots (14)
Scrolls
 c - a scroll of teleportation
 f - a scroll of torment {unknown}
 g - 4 scrolls of immolation
 i - 2 scrolls of revelation {unknown}
 j - a scroll of poison {unknown}
 m - 2 scrolls of enchant armour {unknown}
 n - a scroll of blinking {unknown}
 q - a scroll of silence {unknown}
 r - a scroll of enchant weapon {unknown}
 t - a scroll of noise {unknown}
 A - 2 scrolls of fear {unknown}
Potions
 h - 2 potions of berserk rage
 k - 3 potions of attraction
 o - 2 potions of mutation
 p - 5 potions of brilliance
 w - 2 potions of curing {unknown}
 x - 2 potions of magic
 C - 2 potions of lignification
 D - 2 potions of resistance
 F - a potion of ambrosia {unknown}
 M - a potion of might {unknown}
 Q - a potion of enlightenment {unknown}


   Skills:
 + Level 7.9 Fighting
 - Level 3.1(4.0) Short Blades
 + Level 3.7(4.3) Long Blades
 - Level 3.0 Throwing
 - Level 4.0 Armour
 + Level 5.4 Dodging
 - Level 10.0 Stealth
 - Level 1.0 Spellcasting
 - Level 3.0 Translocations
 + Level 7.9 Invocations
 - Level 5.0 Evocations


You had 10 spell levels left.
You knew the following spells:

 Your Spells              Type           Power      Damage    Failure   Level
a - Blink                 Tloc           22%        N/A       10%         2

Your spell library contained the following spells:

 Spells                   Type           Power      Damage    Failure   Level
 Magic Dart               Conj           0%         1d3       22%         1
 Summon Small Mammal      Summ           0%         N/A       22%         1
 Call Imp                 Summ           0%         N/A       32%         2
 Cigotuvi's Dreadful Rot  Necr/Alch/Air  0%         N/A       32%         2
 Call Canine Familiar     Summ           0%         N/A       54%         3
 Dispel Undead            Necr           0%         3d6       91%         4
 Martyr's Knell           Necr/Summ      0%         N/A       91%         4
 Summon Blazeheart Golem  Fire/Summ      0%         N/A       91%         4
 Death Channel            Necr           0%         N/A       100%        6
 Orb of Destruction       Conj           0%         9d5       100%        7
 Spellforged Servitor     Conj/Summ      0%         N/A       100%        7


Dungeon Overview and Level Annotations

Branches:
Dungeon (9/15)             Temple (1/1) D:6             Orc (2/2) D:9
   Lair: D:8-11         Elf: Orc:2

Altars:
Cheibriados
Dithmenos
Elyvilon
Fedhas
Gozag
Hepliaklqana
Kikubaaqudgha
Makhleb
Nemelex Xobeh
Okawaru
Qazlal
Ru
Sif Muna
Uskayaw
Vehumet
Wu Jian
Xom
Yredelemnul
Zin
The Shining One

Shops:
D:5 *=:   D:6 *

Annotations:
Orc:1 Jorgrun


Innate Abilities, Weirdness & Mutations

You have razor-sharp teeth.
Your natural rate of healing is unusually fast.
When hurt, damage is shared between your health and your magic reserves.
Your bite disrupts and absorbs the magic of your enemies.
Potions cannot restore your health.


Message History

The magic dart hits you but does no damage.
You can now pass through a line of other dancers.
Okay, then.
Unknown command.
Okay, then.
Okay, then.
Okay, then.
Unknown command.
Okay, then.
An orc comes into view. It is wielding a +0 hand axe.
The kobold blastminer wields a +0 orcbow.
The kobold blastminer shoots an arrow.
The arrow completely misses you.
An orc comes into view. It is wielding a +0 club.
Jorgrun attacks as he pursues you! Jorgrun misses you.
The orc shouts!
Okay, then.
You hear a shout!
The orc warrior is no longer moving slowly.
The ogre completely misses you. Jorgrun completely misses you.
Okay, then.
Unknown command.
The ettin is no longer moving slowly.
Jorgrun attacks as he pursues you! Jorgrun hits you with a staff of earth!
The kobold blastminer is no longer moving slowly.
The ogre is no longer moving slowly.
The orc priest mumbles some strange prayers to Beogh against you.
Beogh smites you!
* * * LOW HITPOINT WARNING * * *
Aiming: Fastroot
Press: ? - help, Shift-Dir - straight line, f - troll
Aim: a troll (slow)
The roots erupt in riotous growth!
Roots grab the troll.
Roots grab Jorgrun.
Roots grab the ogre.
The grasping roots constrict Jorgrun.
The grasping roots constrict the troll.
The grasping roots constrict the ogre.
Jorgrun casts a spell at you. The iron shot hits you!!!
Ouch! That really hurt!
You die...
Your body falls in perfect tune with the rhythm.

.. ## #.##.###
##......##
........#
#......##
#.......## # ##
#.......#.#
##.####@##......
#....#..........
#....gTO......$
#...C........##
..##(o.o.o>$......
.......)).o.......
...o.Ko..O........
.................#
..................


You could see Jorgrun (rooted), an ettin, a kobold blastminer, a troll (slow,
rooted), an orc warrior, 2 ogres, an orc priest (slow), an orc wizard
(invisible, slow) and 3 orcs.

Vanquished Creatures
  2 two-headed ogres
  An orc knight (Orc:1)
  4 kobold blastminers (Orc:2)
  Joseph (D:7)
  A rime drake (D:7)
  Grinder (D:3)
  2 wyverns
  3 yaks (D:9)
  A warg (Orc:1)
  Edmund (D:4)
  An acid dragon (D:8)
  4 water moccasins
  An ice beast (D:8)
  2 black bears (D:5)
  A sky beast (D:7)
  8 orc warriors
  10 ogres
  3 centaurs
  A kobold brigand (D:9)
  5 bullfrogs
  A gnoll sergeant (D:5)
  2 scorpions
  8 wights
  6 killer bees (D:8)
  2 bombardier beetles (D:5)
  5 hounds
  A jelly (D:6)
  Crazy Yiuf (D:6)
  A gnoll bouda (D:7)
  4 orc priests
  4 iguanas
  A sleepcap (D:5)
  Ijyb (D:3)
  5 orc wizards
  7 gnolls
  3 adders
  A shadow imp (D:6)
  2 white imps
  2 ufetubi (D:5)
  A ribbon worm (D:4)
  58 orcs
  7 ball pythons
  8 endoplasms
  3 giant cockroaches
  5 goblins
  10 hobgoblins
  4 jackals (D:2)
  17 kobolds
  3 quokkas
  4 bats
  2 frilled lizards (D:1)
  6 rats
238 creatures vanquished.

Vanquished Creatures (collateral kills)
  3 yaks (D:9)
  2 orc warriors
  An orc priest (Orc:1)
  A gnoll bouda (D:6)
  An orc wizard (D:9)
  4 gnolls
  10 orcs
22 creatures vanquished.

Vanquished Creatures (others)
  5 dream sheep (D:7)
  An orc priest (D:9)
  A gnoll (D:7)
  2 orcs
9 creatures vanquished.

Grand Total: 269 creatures vanquished

Notes
Turn   | Place    | Note
-------+----------+-------------------------------------------
     0 | D:1      | Khashishi the Vine Stalker Brigand began the quest for the
                  | Orb.
     0 | D:1      | Reached XP level 1. HP: 11/11 MP: 2/2
    89 | D:1      | Reached XP level 2. HP: 15/15 MP: 3/3
   194 | D:1      | Found a faded altar of an unknown god.
   196 | D:1      | Reached XP level 3. HP: 18/19 MP: 4/4
  1096 | D:3      | Found a radiant altar of Vehumet.
  1096 | D:3      | Noticed Ijyb
  1106 | D:3      | Paralysed by Ijyb for 5 turns
  1115 | D:3      | Killed Ijyb
  1116 | D:3      | Reached XP level 4. HP: 24/24 MP: 5/5
  1237 | D:3      | Found an iron altar of Okawaru.
  1305 | D:4      | Reached skill level 1 in Dodging
  1305 | D:4      | Reached skill level 5 in Stealth
  1305 | D:4      | Reached XP level 5. HP: 25/28 MP: 3/6
  1395 | D:3      | Noticed Grinder
  1399 | D:3      | Killed Grinder
  1400 | D:3      | Reached skill level 1 in Armour
  1400 | D:3      | Reached skill level 1 in Evocations
  1400 | D:3      | Reached XP level 6. HP: 33/33 MP: 7/7
  1522 | D:3      | Found a basalt altar of Yredelemnul.
  1655 | D:5      | Entered Level 5 of the Dungeon
  1719 | D:5      | Reached XP level 7. HP: 15/37 MP: 1/8
  1789 | D:4      | Noticed Edmund
  1790 | D:4      | Found a sparkling altar of Nemelex Xobeh.
  1808 | D:4      | Killed Edmund
  1809 | D:4      | Reached skill level 6 in Stealth
  1891 | D:4      | Found a blossoming altar of Fedhas.
  2342 | D:5      | Found Ceac Jiudd's Jewellery Boutique.
  2363 | D:5      | Found Veef's General Store.
  2369 | D:5      | Bought a +1 cloak of willpower for 198 gold pieces
  2395 | D:5      | Gained mutation: You have razor-sharp teeth. [Vine Stalker
                  | growth]
  2395 | D:5      | Reached XP level 8. HP: 42/42 MP: 9/9
  2462 | D:6      | Found Cudgh's General Store.
  2465 | D:6      | Bought a scroll of teleportation for 45 gold pieces
  2504 | D:5      | Noticed a wyvern
  2512 | D:5      | Killed a wyvern
  2649 | D:5      | Reached skill level 7 in Stealth
  2680 | D:5      | Found Migyg's Book Boutique.
  2887 | D:5      | Reached skill level 5 in Fighting
  3144 | D:6      | Found a staircase to the Ecumenical Temple.
  3154 | Temple   | Entered the Ecumenical Temple
  3164 | Temple   | Became a worshipper of Uskayaw the Reveller
  3207 | D:6      | Learned a level 2 spell: Blink
  3225 | D:6      | Noticed a two-headed ogre
  3286 | D:6      | Found a runed translucent door.
  3287 | D:6      | Noticed Crazy Yiuf
  3295 | D:6      | Killed Crazy Yiuf
  3295 | D:6      | Reached * piety under Uskayaw
  3341 | D:7      | Reached ** piety under Uskayaw
  3397 | D:6      | Reached skill level 1 in Invocations
  3397 | D:6      | Reached XP level 9. HP: 44/47 MP: 6/11
  3412 | D:6      | Found a stormy altar of Qazlal.
  3424 | D:6      | Reached *** piety under Uskayaw
  3435 | D:6      | Reached **** piety under Uskayaw
  3503 | D:6      | Killed a two-headed ogre
  3504 | D:6      | Reached skill level 8 in Stealth
  3664 | D:7      | Identified the ring "Qitixzant" {Fly rF+ Dex+2}
  3852 | D:7      | Found an opulent altar of Gozag.
  3925 | D:7      | a swamp drake changed into a rime drake
  3925 | D:7      | Noticed a rime drake
  3925 | D:7      | Killed a rime drake
  3974 | D:6      | Reached skill level 5 in Invocations
  4120 | D:6      | Found an ornate altar of the Wu Jian Council.
  4343 | D:7      | Noticed Joseph
  4357 | D:7      | Killed Joseph
  4358 | D:7      | Reached XP level 10. HP: 38/53 MP: 5/15
  4386 | D:7      | Found a glowing golden altar of the Shining One.
  4508 | D:7      | Found a white marble altar of Elyvilon.
  4511 | D:7      | Found a sacrificial altar of Ru.
  4627 | D:7      | Found a shimmering altar of Xom.
  4665 | D:7      | Found the +4 skin of Zhor {*Englaciate rC+++ SInv}
  4876 | D:7      | Found a stormy altar of Qazlal.
  5013 | D:8      | Reached skill level 1 in Translocations
  5053 | D:8      | Reached skill level 1 in Spellcasting
  5160 | D:8      | Reached ***** piety under Uskayaw
  5165 | D:8      | Reached skill level 1 in Long Blades
  5296 | D:8      | Identified the staff "Iluami" {rElec rPois rC- SInv Stlth+
                  | Alchemy}
  5440 | D:9      | Reached skill level 9 in Stealth
  6085 | D:9      | Noticed a two-headed ogre
  6088 | D:9      | Killed a two-headed ogre
  6122 | D:9      | Reached XP level 11. HP: 58/58 MP: 17/17
  6314 | D:9      | Found a staircase to the Orcish Mines.
  6514 | Orc:1    | Entered Level 1 of the Orcish Mines
  6560 | Orc:1    | Reached skill level 5 in Dodging
  6567 | Orc:1    | Noticed an orc knight
  6596 | Orc:1    | Killed an orc knight
  6706 | Orc:2    | Entered Level 2 of the Orcish Mines
  6833 | Orc:2    | Reached skill level 10 in Stealth
  6960 | Orc:2    | Reached skill level 5 in Evocations
  7011 | Orc:1    | Noticed Jorgrun
  7015 | Orc:1    | Noticed an ettin
  7023 | Orc:1    | Killed from afar by Jorgrun

Illustrated notes

Levels and vault maps discovered:
D:1:      minmay_arrival_checkered_box, layout_rooms,
          ebering_ecumenical_altar_petrified
D:2:      layout_loops_ring
D:3:      kennysheep_big_flooded_room, layout_rooms, lemuel_doored_altar,
          nicolae_vehumet_altar_sigil, amcnicky_altar_gilded, uniq_grinder,
          uniq_ijyb
D:4:      layout_rooms, fedhas_altar_4, nemelex_xobeh_ov_fountains_minmay,
          kennysheep_generic_room_10, uniq_edmund
D:5:      layout_cave_pods, serial_park, serial_park_tiny_pond,
          serial_park_central [serial_park_minivault_5x5_3,
          serial_park_minivault_5x5_1], serial_park_tiny_1, serial_park_square3
          [serial_park_minivault_5x5_1], serial_shops, nicolae_square_shop,
          nicolae_shop_peninsula, nicolae_shop_advertising_works
          [nicolae_subvault_shop_adworks]
D:6:      layout_loops_ring, minmay_temple_entry_statues_pillars, serial_shops,
          nicolae_stop_n_shop_2, hangedman_abyss_or_decor_stagger,
          hangedman_feature_mirror, uniq_crazy_yiuf_cottage
D:7:      layout_loops_corners, nicolae_tso_swordbearing_angel,
          nicolae_overflow_hidden_temple, kb_xom_exploding_sheep,
          nicolae_overflow_crystal_walls, serial_park_tiny_pond,
          minmay_misc_feat_x, hellmonk_guarded_unrand_zhor, uniq_joseph
D:8:      layout_basic, minmay_starry_boxes
D:9:      layout_gridville, minmay_orc_entry_temple_small, patterned_corridor
Temple:   hellmonk_temple_rainy
Orc:1:    layout_caves, serial_shops, nicolae_shop_statue_plus, uniq_jorgrun
Orc:2:    pubby_orc_utopia, serial_shops

Skill      XL: |  1  2  3  4  5  6  7  8  9 10 11 |
---------------+----------------------------------+-----
Fighting       | 2 3 4 5 6 7 |  7.9
Short Blades   | 2 3 |  3.1
Dodging        | 1 2 3 4 5 |  5.4
Stealth        | 5 6 7 8 9 10 | 10.0
Armour         | 1 2 3 4 |  4.0
Evocations     | 1 2 3 4 5 |  5.0
Throwing       | 2 3 |  3.0
Invocations    | 1 6 7 |  7.9
Translocations | 2 3 |  3.0
Spellcasting   | 1 |  1.0
Long Blades    | 2 3 |  3.7

Action                     |  1- 3 |  4- 6 |  7- 9 | 10-12 || total
---------------------------+-------+-------+-------+-------++-------
  Melee: Dagger            |    84 |     3 |    30 |    31 ||   148
         Bite              |    22 |    16 |    67 |    50 ||   155
         Punch             |     2 |     4 |    15 |     2 ||    23
         Club              |       |    55 |       |       ||    55
         Spear             |       |       |   156 |       ||   156
         Quarterstaff      |       |       |    42 |       ||    42
         Great sword       |       |       |       |   167 ||   167
  Throw: Dart              |    20 |    13 |    24 |    47 ||   104
 Invoke: Stomp             |       |       |     2 |     3 ||     5
         Line Pass         |       |       |     1 |     2 ||     3
  Evoke: Wand              |       |     1 |     1 |    16 ||    18
    Use: Potion            |       |     1 |       |       ||     1
         Scroll            |       |       |     7 |     1 ||     8
   Stab: Sleeping          |     7 |     5 |    13 |     8 ||    33
         Paralysed         |       |     2 |     2 |    14 ||    18
         Distracted        |       |       |       |     1 ||     1
 Armour: Robe              |    22 |       |       |       ||    22
         Leather armour    |    16 |    42 |    27 |       ||    85
         Ring mail         |       |       |    91 |    11 ||   102
         Animal skin       |       |       |       |   115 ||   115
  Dodge: Dodged            |    37 |    54 |   106 |   197 ||   394

Table legend: (Time is in decaauts)
 A = Elapsed time spent in this place.
 B = Non-inter-level travel time spent in this place.
 C = Inter-level travel time spent in this place.
 D = Time resting spent in this place.
 E = Time spent auto-exploring this place.
 F = Levels seen in this place.
 G = Mean time per level.
                   A        B        C        D        E       F      G
               +--------+--------+--------+--------+--------+-----+--------+
         Total |   7110 |   6550 |    560 |      0 |     97 |  12 |  592.5 |
       Dungeon |   6540 |   5996 |    544 |      0 |      0 |   9 |  726.7 |
        Temple |     18 |     18 |      0 |      0 |      0 |   1 |   18.0 |
  Orcish Mines |    551 |    535 |     16 |      0 |     97 |   2 |  275.5 |
               +--------+--------+--------+--------+--------+-----+--------+

Top non-repeatable levels by time:
     D:5: 1033 daAuts
     D:7: 998 daAuts
     D:9: 963 daAuts
     D:6: 798 daAuts
     D:8: 695 daAuts
     D:2: 601 daAuts
     D:3: 577 daAuts
     D:4: 453 daAuts
     D:1: 419 daAuts
   Orc:2: 337 daAuts
   Orc:1: 213 daAuts
  Temple: 18 daAuts
